Map: Last Fantasy LE

Players

ManlyManMeat - Winner!

  • Race: Protoss Protoss
  • Spawn Location: 12:00

LEXX

  • Race: Zerg Zerg
  • Spawn Location: 3:00

VOD

Have the link to the VOD?

Description

Time

  • Played on: May 16, 2025, 5:45 a.m.
  • Length: 12:05
Show
View Real Time Build Order
Export as new Build Order

ManlyManMeat Protoss - Winner!

Build Orders:  

Get SALT Encoding   

  12  0:00  Probe  
  13  0:12  Probe  
  14  0:18  Pylon  
  14  0:22  Probe  
  15  0:32  Probe  
  15  0:39  Gateway  
  16  0:45  Assimilator  
  16  0:53  Probe  
  17  1:06  Gateway  
  17  1:17  Probe  
  18  1:29  Probe  
  18  1:30  Zealot  
  21  1:34  Cybernetics Core  
  21  1:48  Probe  
  18  2:01  Warp Gate, Pylon  
  22  2:09  Stalker  
  22  2:13  Nexus  
  24  2:29  Stalker  
  26  2:39  Assimilator  
  26  2:41  Probe  
  27  2:44  Stalker  
  28  3:12  Stalker  
  30  3:25  Pylon  
  30  3:26  Probe  
  31  3:30  Probe  
  32  3:38  Probe  
  31  3:51  Stalker  
  32  4:04  Stalker  
  32  4:07  Probe  
  32  4:08  Probe  
  32  4:15  Probe  
  32  4:19  Probe  
  34  4:24  Robotics Facility  
  34  4:27  Probe  
  34  4:33  Pylon  
  34  4:34  Probe  
  36  4:47  Stalker  
  36  4:49  Stalker  
  40  4:58  Probe x2  
  42  5:16  Stalker x2  
  44  5:23  Observer  
  45  5:31  Probe x2  
  45  5:32  Stargate  
  47  5:43  Probe  
  47  5:44  Probe  
  47  5:46  Zealot x2  
  53  5:58  Pylon  
  53  6:06  Pylon  
  53  6:07  Probe  
  53  6:08  Probe  
  55  6:20  Probe x2  
  57  6:29  Nexus  
  50  6:40  Stalker  
  50  6:41  Stalker  
  50  7:01  Gateway x2  
  50  7:02  Warp Prism  
  52  7:25  Stalker x2  
  56  7:36  Void Ray  
  46  7:53  Stalker  
  46  7:54  Stalker  
  46  7:56  Pylon  
  50  7:58  Shield Battery  
  50  8:03  Zealot  
  50  8:04  Zealot  
  50  8:30  Zealot x3  
  50  8:31  Zealot  
  56  8:51  Zealot  
  56  8:52  Zealot x2  
  56  8:53  Zealot  
  45  9:06  Immortal  
  41  9:14  Void Ray  
  41  9:17  Zealot x2  
  41  9:18  Zealot x2  
  49  9:34  Gateway  
  49  9:35  Gateway  
  43  9:39  Gateway  
  43  9:41  Gateway  
  39  9:45  Zealot  
  39  9:46  Zealot x3  
  43  10:05  Warp Prism  
  35  10:41  Zealot x2  
  35  10:42  Zealot  
  41  10:43  Stalker x2  
  41  10:44  Stalker  
  47  10:55  Zealot x2  
  51  11:04  Zealot  
  47  11:26  Void Ray  
Show
View Real Time Build Order
Export as new Build Order

LEXX Zerg 

Build Orders: Hatch First 

Get SALT Encoding   

  12  0:33  Hatchery  
  11  1:06  Spawning Pool  
  10  1:24  Hatchery  
  8  1:30  Drone  
  9  1:36  Drone  
  10  1:42  Drone  
  11  2:01  Zergling x6  
  14  2:05  Zergling x2  
  15  2:10  Zergling x2  
  15  2:15  Zergling x2  
  17  2:35  Queen  
  19  2:37  Drone  
  19  2:39  Drone  
  21  2:48  Extractor  
  21  2:49  Extractor  
  18  3:03  Zergling x6  
  19  3:05  Zergling x2  
  19  3:15  Drone  
  19  3:16  Drone  
  21  3:21  Drone  
  22  3:34  Drone  
  22  3:35  Drone  
  23  3:51  Drone x2  
  22  4:10  Zergling x6  
  22  4:11  Zergling x4  
  26  4:17  Overlord  
  26  4:30  Spine Crawler  
  25  4:32  Spine Crawler  
  24  4:47  Zergling x8  
  28  4:54  Metabolic Boost  
  28  5:03  Drone x2  
  30  5:16  Drone x2  
  30  5:17  Drone  
  33  5:24  Drone  
  34  5:29  Overlord  
  34  5:37  Overlord  
  34  5:47  Lair  
  34  5:50  Zergling x2  
  34  5:51  Zergling x2  
  36  6:02  Evolution Chamber, Drone  
  36  6:03  Drone  
  37  6:06  Drone  
  38  6:21  Overlord  
  38  6:23  Drone x3  
  41  6:29  Zerg Melee Weapons Level 1  
  33  6:41  Zergling x2  
  33  6:42  Zergling x6  
  33  6:43  Zergling x2  
  34  7:06  Spore Crawler  
  33  7:13  Zergling x2  
  33  7:14  Zergling x20  
  43  7:21  Zergling x4  
  43  7:22  Zergling x2  
  42  7:52  Zergling x2  
  42  7:54  Zergling x2  
  42  7:56  Overlord x4  
  44  8:06  Spine Crawler  
  42  8:35  Spore Crawler x2  
  42  8:36  Spine Crawler  
  38  8:45  Spore Crawler  
  27  9:07  Zergling x8  
  27  9:08  Zergling x14  
  33  9:51  Spore Crawler  
  33  9:52  Spore Crawler  
  30  9:56  Zergling x2  
  30  9:57  Zergling x4  
  21  10:48  Drone x4  
  24  11:33  Hydralisk Den  
  23  11:44  Drone x2  
  23  11:46  Hatchery  
Tags
 
Add a new tag
Caveats
  • Supply blocks, unpowered buildings, or Contaminate may cause inaccurate times.
  • Supply counts are checked every 10 seconds.